 Dungeon Crawl Stone Soup version 0.27-a0-906-g0a00ce863d (webtiles) character file.

Game seed: 6364387930661028441

2555 Alarkh the Martial Artist (level 9, -2/72 HPs)
             Began as a Demonspawn Gladiator on Apr 6, 2021.
             Was a Follower of Uskayaw.
             Slain by an orc warrior
             ... wielding a +0 spear
              (7 damage)
             ... in a bailey.
             The game lasted 00:09:21 (6226 turns).

Alarkh the Martial Artist (Demonspawn Gladiator)    Turns: 6226, Time: 00:09:21

Health: -2/72      AC: 10    Str: 15    XL:     9   Next: 31%
Magic:  9/9        EV: 12    Int: 24    God:    Uskayaw [*.....]
Gold:   354        SH:  0    Dex: 15    Spells: 8/8 levels left

rFire    . . .     SeeInvis .     - Unarmed
rCold    . . .     Faith    .   (no shield)
rNeg     . . .     Spirit   .   u - +2 leather armour "Denidikh" {Will+}
rPois    .         Reflect  .   b - +0 helmet
rElec    .         Harm     .   e - +0 cloak
rCorr    .         Rampage  .   (no gloves)
Will     +....                  (no boots)
Stlth    +.........             (no amulet)
HPRegen  1.22/turn              d - +6 ring of intelligence
MPRegen  0.11/turn              o - +6 ring of intelligence

@: mighty, on berserk cooldown, slowed, very slow
A: talons 1, powered by death 2, powered by pain 1, sharp scales 3
a: Renounce Religion, Stomp


You were in a bailey.
You worshipped Uskayaw.
Uskayaw was noncommittal.
You visited 2 branches of the dungeon, and saw 8 of its levels.
You also visited: Sewer and Bailey.

You collected 354 gold pieces.

Inventory:

Missiles
 c - a throwing net (quivered)
 y - 14 poisoned darts
Armour
 a - a +0 leather armour
 b - a +0 helmet (worn)
 e - a +0 cloak (worn)
 u - the +2 leather armour "Denidikh" (worn) {Will+}
   (You took it off an orc on level 4 of the Dungeon)

   It increases your willpower.
Jewellery
 d - a +6 ring of intelligence (left hand)
 o - a +6 ring of intelligence (right hand)
Wands
 s - a wand of flame (39)
Scrolls
 h - 2 scrolls of enchant weapon
 j - 5 scrolls of teleportation {unknown}
 k - 5 scrolls of blinking {unknown}
 l - 2 scrolls of fog {unknown}
 m - 2 scrolls of magic mapping {unknown}
 p - a scroll of acquirement {unknown}
 r - 2 scrolls of identify
 t - 2 scrolls of enchant armour {unknown}
 v - 4 scrolls of torment {unknown}
 B - 2 scrolls of amnesia {unknown}
Potions
 f - 4 potions of curing
 g - 2 potions of haste
 i - 5 potions of might
 n - a potion of magic
 q - 2 potions of brilliance {unknown}
 w - a potion of berserk rage
 x - a potion of heal wounds {unknown}
 z - 2 potions of cancellation
 A - a potion of ambrosia


   Skills:
 + Level 7.6 Fighting
 - Level 1.7 Throwing
 - Level 2.6 Dodging
 * Level 9.9 Unarmed Combat


You had 8 spell levels left.
You didn't know any spells.
Your spell library contained the following spells:

 Spells                   Type           Power      Damage    Failure   Level
 Corona                   Hex            0%         N/A       19%         1
 Ensorcelled Hibernation  Hex/Ice        0%         N/A       26%         2
 Confusing Touch          Hex            0%         N/A       47%         3
 Dazzling Flash           Conj/Hex       0%         N/A       47%         3
 Gell's Gravitas          Tloc           0%         N/A       47%         3
 Tukima's Dance           Hex            0%         N/A       47%         3
 Petrify                  Tmut/Erth      0%         N/A       87%         4
 Metabolic Englaciation   Hex/Ice        0%         N/A       99%         5
 Yara's Violent Unravell  Hex/Tmut       0%         3d3       99%         5


Dungeon Overview and Level Annotations

Branches:
Dungeon (7/15)             Temple (1/1) D:5           Sewer (visited)
 Bailey (1/1)

Altars:
Ashenzari
Cheibriados
Dithmenos
Fedhas
Gozag
Hepliaklqana
Makhleb
Nemelex Xobeh
Okawaru
Ru
Sif Muna
Uskayaw
Vehumet
Wu Jian
Xom
Yredelemnul
Zin

Shops:
D:1 *   D:3 =


Innate Abilities, Weirdness & Mutations

You have sharp toenails.
You regenerate health from kills.
You sometimes gain a little power by taking damage.
You are completely covered in razor-sharp scales. (AC +3, Slay +3)


Message History

You can no longer pass through a line of other dancers.
It was a potion of berserk rage.
A red film seems to cover your vision as you go berserk!
You feel yourself moving faster!
You feel mighty!
You feel a strong urge to attack something.
An orc comes into view. It is wielding a +0 spear.
The orc shouts!
You hear a shout!
The orc warrior shouts!
The orc shouts!
You hear a shout!
An orc comes into view. It is wielding a +0 halberd.
You feel your anger nearly subside.
You are no longer berserk.
You pass out from exhaustion.
You feel yourself slow down.
The orc shouts!
The orc hits you with a +0 halberd.
The orc warrior hits you from afar with a +0 halberd!
The orc hits you from afar with a +0 halberd!
The orc hits you with a +0 halberd. The orc hits you with a +0 war axe.
The orc warrior completely misses you. The orc hits you with a +0 war axe.
The orc hits you from afar with a +0 halberd!
The orc hits you but does no damage. The orc hits you with a +0 war axe.
The orc hits you but does no damage.
You can move again.
You feel very mighty all of a sudden. The orc warrior misses you.
The orc hits you but does no damage. The orc completely misses you.
The orc barely misses you. The orc closely misses you.
The orc hits you from afar with a +0 trident!
The orc warrior hits you but does no damage.
The orc warrior hits you from afar with a +0 halberd!
* * * LOW HITPOINT WARNING * * *
The orc closely misses you.
The orc hits you from afar with a +0 halberd!
* * * LOW HITPOINT WARNING * * *
Okay, then.
You barely miss the orc. Your kick misses the orc.
The orc hits you with a +0 war axe.
* * * LOW HITPOINT WARNING * * *
The orc closely misses you. The orc warrior closely misses you.
The orc warrior hits you from afar with a +0 spear!
You die...

###########
........∩.##
...........#
...........#
....ooo...∩#
....oo.o...#
....ooo@...#
....oo.o∩.##
###########


You could see 2 orc warriors and 10 orcs.

Vanquished Creatures
  Sigmund (D:4)
  An ice beast (D:7)
  3 ogres
  2 necrophages
  A centaur (D:6)
  A kobold brigand (D:5)
  3 phantoms
  3 bullfrogs
  Blork the orc (D:6)
  A scorpion (D:5)
  4 wights (D:7)
  2 howler monkeys
  An electric eel (D:6)
  6 hounds
  2 jellies
  2 orc priests (D:4)
  A gnoll shaman (D:7)
  Jessica (D:2)
  An orc wizard (D:6)
  2 iguanas (D:5)
  A hound zombie (D:5)
  15 gnolls
  5 river rats
  12 adders
  2 shadow imps
  A white imp (D:7)
  An ufetubus (D:5)
  4 worms
  16 orcs
  5 endoplasms
  3 giant cockroaches
  7 hobgoblins
  7 jackals
  6 kobolds
  4 quokkas
  18 ball pythons
  7 bats
  7 frilled lizards
  5 goblins
  30 rats
195 creatures vanquished.

Notes
Turn   | Place    | Note
-------+----------+-------------------------------------------
     0 | D:1      | Alarkh the Demonspawn Gladiator began the quest for the
                  | Orb.
     0 | D:1      | Reached XP level 1. HP: 16/16 MP: 1/1
    90 | D:1      | Found Bethuceps's Assorted Antiques.
   227 | D:1      | Reached skill level 3 in Unarmed Combat
   358 | D:1      | Gained mutation: You are partially covered in razor-sharp
                  | scales. (AC +1, Slay +1) [demonic ancestry]
   358 | D:1      | Reached XP level 2. HP: 17/22 MP: 2/2
   962 | D:2      | Noticed Jessica
   969 | D:2      | Killed Jessica
   970 | D:2      | Gained mutation: You regenerate a little health from kills.
                  | [demonic ancestry]
   970 | D:2      | Reached XP level 3. HP: 21/28 MP: 3/3
  1326 | D:2      | Reached skill level 4 in Unarmed Combat
  1326 | D:2      | Reached XP level 4. HP: 7/34 MP: 4/4
  1881 | D:3      | Noticed a necrophage
  1895 | D:3      | Killed a necrophage
  1896 | D:3      | Gained mutation: You are mostly covered in razor-sharp
                  | scales. (AC +2, Slay +2) [demonic ancestry]
  1896 | D:3      | Reached XP level 5. HP: 23/42 MP: 5/5
  2002 | D:3      | Reached skill level 5 in Unarmed Combat
  2019 | D:3      | Noticed an ogre
  2118 | D:3      | Found a hide-covered altar of Uskayaw.
  2147 | D:4      | Found an ornate altar of the Wu Jian Council.
  2184 | D:3      | Became a worshipper of Uskayaw the Reveller
  2270 | D:4      | Reached * piety under Uskayaw
  2280 | D:4      | Reached ** piety under Uskayaw
  2470 | D:4      | Gained mutation: You have sharp toenails. [demonic
                  | ancestry]
  2470 | D:4      | Reached XP level 6. HP: 48/48 MP: 6/6
  2485 | D:4      | Found a glowing drain.
  2489 | Sewer    | Entered a sewer
  2625 | Sewer    | Reached *** piety under Uskayaw
  2794 | Sewer    | Reached **** piety under Uskayaw
  2799 | Sewer    | Reached ***** piety under Uskayaw
  2800 | Sewer    | Reached skill level 6 in Unarmed Combat
  2888 | D:4      | Gained mutation: You sometimes gain a little power by
                  | taking damage. [demonic ancestry]
  2888 | D:4      | Reached XP level 7. HP: 48/55 MP: 7/7
  2995 | D:4      | Reached skill level 5 in Fighting
  3036 | D:3      | Found Gaumaow's Jewellery Shop.
  3158 | D:3      | Reached skill level 7 in Unarmed Combat
  3678 | D:4      | Gained mutation: You regenerate health from kills. [demonic
                  | ancestry]
  3678 | D:4      | Reached XP level 8. HP: 51/63 MP: 8/8
  3688 | D:4      | Identified the +2 leather armour "Denidikh" {Will+}
  4261 | D:5      | Entered Level 5 of the Dungeon
  4270 | D:5      | Found a staircase to the Ecumenical Temple.
  4292 | D:5      | Noticed Sigmund
  4319 | D:4      | Killed Sigmund
  4320 | D:4      | Reached skill level 8 in Unarmed Combat
  4346 | Temple   | Entered the Ecumenical Temple
  4611 | D:5      | Found an opulent altar of Gozag.
  5226 | D:6      | Reached skill level 9 in Unarmed Combat
  5316 | D:6      | Noticed Blork the orc
  5324 | D:6      | Killed Blork the orc
  5325 | D:6      | Gained mutation: You are completely covered in razor-sharp
                  | scales. (AC +3, Slay +3) [demonic ancestry]
  5325 | D:6      | Reached XP level 9. HP: 29/72 MP: 9/9
  6189 | D:7      | Found a flagged portal.
  6212 | Bailey   | Entered a bailey
  6226 | Bailey   | Slain by an orc warrior

Illustrated notes

Levels and vault maps discovered:
D:1:      co_arrival_square_in_a_square_in_a_square, layout_loops_ring,
          serial_shops, nicolae_shop_statue_plus, moated_statue,
          minmay_misc_feat_iff, minmay_misc_feat_square,
          minmay_misc_feat_four_crosses
D:2:      layout_rooms, uniq_jessica
D:3:      layout_loops_ring, eat_drink_and_be_merry_uskayaw, serial_shops,
          nicolae_shop_statue_plus, roderic_three_in_a_row
D:4:      layout_basic, overflow_temple_1_default, gup_sewer_entry_spiral
D:5:      minmay_chambers_of_fours, layout_gridville,
          nicolae_gozag_seed_capital, temple_hall, uniq_sigmund
D:6:      layout_loops_ring, nicolae_water_bricks, uniq_blork_the_orc
D:7:      layout_loops_ring, enter_bailey_7, uniq_maggie, uniq_menkaure
Temple:   eino_temple_lava
Bailey:   bailey_polearm_5, bailey

Skill      XL: |  1  2  3  4  5  6  7  8 |
---------------+-------------------------+-----
Unarmed Combat | 3 4 5 6 7 9 |  9.9
Fighting       | 3 4 5 7 |  7.6
Throwing       | |  1.7
Dodging        | |  2.6

Action                   |  1- 3 |  4- 6 |  7- 9 || total
-------------------------+-------+-------+-------++-------
Melee: Unarmed           |   108 |   281 |   244 ||   633
       Punch             |     3 |     2 |     7 ||    12
       Kick              |       |    21 |    68 ||    89
Throw: Throwing net      |       |       |     3 ||     3
  Use: Potion            |     2 |     1 |     2 ||     5
       Scroll            |       |     4 |     2 ||     6
 Stab: Sleeping          |     1 |       |     1 ||     2
       Paralysed         |       |     1 |    13 ||    14
       Held in net/web   |       |       |     2 ||     2
Armor: Leather armour    |    46 |   101 |    75 ||   222
Dodge: Dodged            |    97 |   205 |   112 ||   414

Table legend: (Time is in decaauts)
 A = Elapsed time spent in this place.
 B = Non-inter-level travel time spent in this place.
 C = Inter-level travel time spent in this place.
 D = Time resting spent in this place.
 E = Time spent auto-exploring this place.
 F = Levels seen in this place.
 G = Mean time per level.
                   A        B        C        D        E       F      G
               +--------+--------+--------+--------+--------+-----+--------+
         Total |   6248 |   6058 |    190 |    463 |   4260 |  10 |  624.8 |
       Dungeon |   5787 |   5607 |    180 |    463 |   4045 |   7 |  826.7 |
        Temple |     64 |     54 |     10 |      0 |     54 |   1 |   64.0 |
         Sewer |    382 |    382 |      0 |      0 |    158 |   1 |  382.0 |
        Bailey |     13 |     13 |      0 |      0 |      2 |   1 |   13.0 |
               +--------+--------+--------+--------+--------+-----+--------+

Top non-repeatable levels by time:
     D:1: 1215 daAuts
     D:4: 1182 daAuts
     D:3: 884 daAuts
     D:5: 826 daAuts
     D:6: 804 daAuts
     D:2: 652 daAuts
   Sewer: 382 daAuts
     D:7: 221 daAuts
  Temple: 64 daAuts
  Bailey: 13 daAuts
